 Dungeon Crawl Stone Soup version 0.28-a0-313-gbc0475efdd (webtiles) character file.

Game seed: 3896226772034918867

115 Demosthentine the Poker (level 5, -1/41 HPs)
             Began as a Merfolk Gladiator on Aug 31, 2021.
             Slain by a gnoll (4 damage)
             ... on level 3 of the Dungeon.
             The game lasted 00:02:06 (2646 turns).

Demosthentine the Poker (Merfolk Gladiator)         Turns: 2646, Time: 00:02:07

Health: -1/41      AC:  6    Str: 16    XL:     5   Next: 0%
Magic:  5/5        EV: 13    Int:  7    God:
Gold:   93         SH:  0    Dex: 15    Spells: 4/4 levels left

rFire   . . .      SeeInvis .   a - +0 trident
rCold   . . .      Faith    .   (no shield)
rNeg    . . .      Spirit   .   b - +0 leather armour
rPois   .          Reflect  .   c - +1 helmet
rElec   .          Harm     .   (no cloak)
rCorr   .          Rampage  .   k - +0 pair of gloves
Will    .....                   (no boots)
Stlth   +.........              (no amulet)
HPRegen 0.13/turn               (no ring)
MPRegen 0.09/turn               (no ring)

@: no status effects
A: (nimble swimmer 2), mertail
a: no special abilities


You were on level 3 of the Dungeon.
You visited 1 branch of the dungeon, and saw 3 of its levels.

You collected 93 gold pieces.

Inventory:

Hand Weapons
 a - a +0 trident (weapon)
Missiles
 d - 3 throwing nets (quivered)
Armour
 b - a +0 leather armour (worn)
 c - a +1 helmet (worn)
 k - a +0 pair of gloves (worn)
Jewellery
 j - a +6 ring of dexterity
Wands
 i - a wand of acid (2)
Scrolls
 h - a scroll of teleportation
Potions
 e - a potion of curing {unknown}
 f - a potion of degeneration {unknown}
 g - a potion of haste {unknown}


   Skills:
 + Level 3.3 Fighting
 + Level 5.5 Polearms
 - Level 2.0 Throwing
 + Level 1.3 Armour
 + Level 4.9 Dodging


You had 4 spell levels left.
You didn't know any spells.
Your spell library contained the following spells:

 Spells                   Type           Power      Damage    Failure   Level
 Corpse Rot               Necr/Air       N/A        N/A       65%         2
 Poisonous Vapours        Pois/Air       0%         N/A       65%         2
 Ozocubu's Armour         Ice            0%         N/A       86%         3
 Freezing Cloud           Conj/Ice/Air   0%         6-21      100%        5
 Ozocubu's Refrigeration  Ice            0%         4d5       100%        7


Dungeon Overview and Level Annotations

Branches:
Dungeon (3/15)

Altars:
Ignis

Shops:
D:1 [


Innate Abilities, Weirdness & Mutations

((You are quick and stealthy near water. (Stealth+, EV+, Speed+++)))
Your lower body shifts to a powerful aquatic tail in water.


Message History

The gnoll is severely wounded.
The gnoll closely misses you.
You puncture the gnoll!
You kill the gnoll!
You have reached level 5!
You feel stronger.
A gnoll comes into view. It is wielding a +0 whip.
The gnoll shouts!
You hear a shout!
A gnoll comes into view.
It is wielding a +0 halberd of freezing.
There are monsters nearby!
There are monsters nearby!
There are monsters nearby!
You reach to attack!
You hit the gnoll but do no damage.
You reach to attack!
You barely miss the gnoll. The gnoll barely misses you.
You reach to attack!
You closely miss the gnoll.
The gnoll hits you from afar with a +0 halberd of freezing!
The gnoll freezes you.
You reach to attack!
You barely miss the gnoll.
The gnoll hits you from afar with a +0 halberd of freezing.
The gnoll freezes you.
You are too injured to fight recklessly!
You are too injured to fight recklessly!
You are too injured to fight recklessly!
Reach: a) +0 trident
Press: ? - help, Dir - move target, f/p - gnoll
Aim: a gnoll, wielding a +0 halberd of freezing (about 36% to evade your +0 trident)
You reach to attack!
You hit the gnoll.
The gnoll is moderately wounded.
The gnoll hits you from afar with a +0 halberd of freezing!
* * * LOW HITPOINT WARNING * * *
The gnoll freezes you.
* * * LOW HITPOINT WARNING * * *
Unknown command.
Unknown command.
Unknown command.
You see here a +0 club.
Unknown command.
Unknown command.
The gnoll hits you from afar with a +0 halberd of freezing.
You die...

######### #.......#
#.#####.# .##.##....###
....#.......#
..).......#.#
..........#>############
.#####.#..(............#
. #.####.####@#.###.#
##......#..........#
#......##.##.)g.##.#
#......## ##...g##.#
#.......# #........#
#.#####.# #.#..###.#
####.....# #.#... #
###......### .....##
##...####.# ##.####


You could see 2 gnolls.

Vanquished Creatures
  2 gnolls (D:3)
  3 adders (D:2)
  3 worms (D:2)
  A dart slug (D:2)
  An orc (D:3)
  5 bats
  5 endoplasms
  2 giant cockroaches (D:2)
  7 hobgoblins
  A jackal (D:2)
  2 quokkas (D:2)
  4 ball pythons
  2 frilled lizards
  8 goblins
  5 kobolds
  2 rats (D:1)
53 creatures vanquished.

Notes
Turn   | Place    | Note
-------+----------+-------------------------------------------
     0 | D:1      | Demosthentine the Merfolk Gladiator began the quest for the
                  | Orb.
     0 | D:1      | Reached XP level 1. HP: 16/16 MP: 1/1
   700 | D:1      | Found a faded altar of an unknown god.
   718 | D:1      | Reached XP level 2. HP: 22/23 MP: 2/2
   940 | D:1      | Found Soito's Armour Shop.
  1118 | D:2      | Reached XP level 3. HP: 18/28 MP: 3/3
  1250 | D:2      | Found a candlelit altar of Ignis.
  1336 | D:2      | Reached skill level 5 in Polearms
  1369 | D:2      | Reached skill level 1 in Armour
  1834 | D:2      | Reached XP level 4. HP: 31/35 MP: 4/4
  2565 | D:3      | Reached XP level 5. HP: 31/41 MP: 5/5
  2642 | D:3      | HP: 2/41 [gnoll (1)]
  2646 | D:3      | Slain by a gnoll

Illustrated notes

Levels and vault maps discovered:
D:1:      minmay_arrival_doors, layout_rooms, serial_shops, shop,
          dreamdust_ecumenical_altar_angels_and_demons
D:2:      minmay_diamond_boxcup, layout_rooms, basic_altar,
          kennysheep_big_empty_room, hangedman_decor_clover_reticule,
          nrook_uturn, minmay_mini_jars
D:3:      minmay_evil_eye, layout_loops_cross, nicolae_qazlal_general_emergency

Skill      XL: |  1  2  3 |
---------------+----------+-----
Polearms       | 5 |  5.5
Armour         | 1 |  1.3
Fighting       | 3 |  3.3
Throwing       | |  2.0
Dodging        | |  4.9

Action                   |  1- 3 |  4- 6 || total
-------------------------+-------+-------++-------
Melee: Trident           |   106 |    80 ||   186
  Use: Scroll            |     1 |     2 ||     3
 Stab: Sleeping          |     1 |     1 ||     2
Armor: Leather armour    |    14 |    18 ||    32
Dodge: Dodged            |    59 |    39 ||    98

Table legend: (Time is in decaauts)
 A = Elapsed time spent in this place.
 B = Non-inter-level travel time spent in this place.
 C = Inter-level travel time spent in this place.
 D = Time resting spent in this place.
 E = Time spent auto-exploring this place.
 F = Levels seen in this place.
 G = Mean time per level.
                   A        B        C        D        E       F      G
               +--------+--------+--------+--------+--------+-----+--------+
         Total |   2646 |   2619 |     27 |      0 |   2254 |   3 |  882.0 |
       Dungeon |   2646 |   2619 |     27 |      0 |   2254 |   3 |  882.0 |
               +--------+--------+--------+--------+--------+-----+--------+

Top non-repeatable levels by time:
     D:2: 1193 daAuts
     D:1: 1014 daAuts
     D:3: 438 daAuts
